[Event "Team 45 45 League T54"]
[Site "Internet Chess Club"]
[Date "2012.09.10"]
[Round "4"]
[White "goktrenks"]
[Black "Goli"]
[Result "1/2-1/2"]
[WhiteElo "1791"]
[BlackElo "1899"]
[Opening "Robatsch (modern) defense"]
[ECO "B06"]
[Time "17:10:55"]
[TimeControl "2700+45"]

1. e4 g6 2. d4 Bg7 3. Nf3 d6 4. Bc4 Nf6 5. Nc3 O-O 6. Bg5 Nc6 7. O-O Bg4 8. Be2
Bxf3 9. Bxf3 e5 10. d5 Ne7 11. Ne2 Kh8 12. c4 Rg8 13. b4 Ne8 14. Rc1 f5 15. Qd2
f4 16. g3 h6 17. Bxe7 Qxe7 18. gxf4 exf4 19. Qxf4 Kh7 20. Qd2 Be5 21. Bg2 Qh4
22. f4 Bh8 23. Nd4 Bxd4+ 24. Qxd4 Nf6 25. Qf2 Qg4 26. e5 Nh5 27. Qf3 Qh4 28. Qf2
Qg4 29. h3 Qf5 30. Qc2 Qxc2 31. Rxc2 Rgf8 32. Rcf2 Ng3 33. Rc1 Rxf4 34. Rxf4
Ne2+ 35. Kh2 Nxf4 36. e6 Re8 37. Bf3 Re7 38. Rc3 g5 39. Kg3 Kg7 40. b5 c6 41.
Ra3 cxb5 42. cxb5 b6 43. Rc3 Kf6 44. Re3 Rc7 45. h4 Ng6 46. hxg5+ hxg5 47. Be4
Ne5 48. Ra3 Ke7 {Game drawn by mutual agreement} 1/2-1/2

[Event "Team 45 45 League T54"]
[Site "Internet Chess Club"]
[Date "2012.09.08"]
[Round "4"]
[White "tsia68"]
[Black "HumanTornado"]
[Result "1/2-1/2"]
[WhiteElo "1804"]
[BlackElo "1982"]
[Opening "Réti opening"]
[ECO "A05"]
[Time "10:30:47"]
[TimeControl "2700+45"]

1. Nf3 Nf6 2. g3 d5 3. c4 c5 4. Bg2 Nc6 5. cxd5 Qxd5 6. Nc3 Qd8 7. O-O e5 8. a3
Be7 9. Rb1 O-O 10. d3 h6 11. Bd2 Be6 12. b4 cxb4 13. axb4 Bxb4 14. Nxe5 Bxc3 15.
Nxc6 bxc6 16. Bxc3 Nd5 17. Bd2 a5 18. Qa4 Qd7 19. Rfc1 Ra6 20. Rc5 Rfa8 21. Rbc1
Qe8 22. Rb1 Bd7 23. Kf1 Qe7 24. d4 Bg4 25. e4 Nb4 26. Bxb4 axb4 27. Qxb4 Ra1 28.
Qb2 R1a2 29. Qb4 Qf6 30. f4 R2a4 31. Qc3 Rxd4 32. Rxc6 Qd8 33. e5 Rd1+ 34. Rxd1
Qxd1+ 35. Qe1 Qd3+ 36. Kg1 Qd4+ 37. Kf1 Ra2 38. Rc1 Be2+ 39. Qxe2 Rxe2 40. Rc8+
Kh7 41. Kxe2 Qb2+ 42. Kf1 Qb1+ 43. Kf2 Qb6+ 44. Ke1 Qe3+ 45. Kf1 Qd3+ 46. Ke1 g6
47. Rc6 Kg7 48. Rd6 Qe3+ 49. Kf1 Qc1+ 50. Kf2 Qc5+ 51. Kf1 g5 52. Rf6 Qc1+ 53.
Kf2 Qd2+ 54. Kf1 Qd1+ 55. Kf2 Qd2+ 56. Kf1 {Game drawn by mutual agreement}
1/2-1/2

[Event "Team 45 45 League T54"]
[Site "Internet Chess Club"]
[Date "2012.09.11"]
[Round "4"]
[White "Dracoac"]
[Black "room-matt"]
[Result "1-0"]
[WhiteElo "1823"]
[BlackElo "1800"]
[Opening "English: symmetrical, three knights system"]
[ECO "A30"]
[Time "15:10:59"]
[TimeControl "2700+45"]

1. Nf3 Nf6 2. c4 c5 3. Nc3 d5 4. cxd5 Nxd5 5. e4 Nb6 6. d4 cxd4 7. Qxd4 Qxd4 8.
Nxd4 e5 9. Ndb5 Na6 10. Be3 Bd7 11. O-O-O Be7 12. Nxa7 Bc5 13. Bxc5 Nxc5 14.
Nab5 O-O 15. Kb1 f5 16. Nd6 Be6 17. exf5 Bxf5+ 18. Nxf5 Rxf5 19. Rd6 Nca4 20.
Nxa4 Nxa4 21. Bc4+ Kf8 22. f3 Nc5 23. Re1 Rf4 24. b3 e4 25. Rd4 Re8 26. Bd5 h5
27. Rc4 b6 28. b4 Nd3 29. Rexe4 Rexe4 30. Bxe4 Nf2 31. Bd5 Rxc4 32. Bxc4 Nd1 33.
Be6 Ne3 34. g4 Ke7 35. Bc8 Kd8 36. Bf5 Nxf5 37. gxf5 Kc7 38. Kc2 b5 39. Kd3 Kd6
40. Kd4 h4 41. h3 Kc6 42. Ke5 Kd7 43. f6 gxf6+ 44. Kxf6 Kd6 45. f4 {Black
resigns} 1-0

[Event "Team 45 45 League T54"]
[Site "Internet Chess Club"]
[Date "2012.09.08"]
[Round "4"]
[White "Ayensa80"]
[Black "latayvia"]
[Result "1-0"]
[WhiteElo "1751"]
[BlackElo "1744"]
[Opening "Caro-Kann defense"]
[ECO "B11"]
[Time "10:01:44"]
[TimeControl "2700+45"]

1. e4 c6 2. Nc3 b5 3. Nf3 g6 4. g3 Bg7 5. Bg2 b4 6. Ne2 Nf6 7. d3 O-O 8. O-O Bb7
9. a3 bxa3 10. Rxa3 Re8 11. c3 e5 12. Be3 a5 13. Qc2 d5 14. Rd1 Qc7 15. h3 Nbd7
16. Nd2 Bf8 17. Raa1 Ba6 18. Nc1 dxe4 19. Nxe4 Nxe4 20. Bxe4 Nf6 21. Bg2 Nd5 22.
Bd2 Bc8 23. b4 Bb7 24. bxa5 Rxa5 25. Rxa5 Qxa5 26. c4 Nb4 27. Qb2 Qa4 28. Re1
Bc5 29. Kf1 Qc2 30. Qc3 Rd8 31. Qxc2 Nxc2 32. Rxe5 Bf8 33. Be3 Bb4 34. Bc5 Ra8
35. Bxb4 Nxb4 36. Ke2 Ra1 37. Kd2 Kf8 38. Re3 Rb1 39. Ne2 Bc8 40. g4 c5 41. Kc3
Ra1 42. Kb3 Rb1+ 43. Kc3 Bd7 44. Re5 Ba4 45. Rxc5 Rb3+ 46. Kd4 Rxd3+ 47. Ke4 Bc2
48. Ke5 Rd8 49. Kf6 h6 50. Rb5 Rd6+ 51. Ke5 Re6+ 52. Kd4 Rxe2 53. Rxb4 Rxf2 54.
Bd5 Rg2 55. Bxg2 Be4 56. Bxe4 f5 57. Bxf5 h5 58. Ke5 h4 59. Kf6 g5 60. Rb8#
{Black checkmated} 1-0

[Event "Team 45 45 League T54"]
[Site "Internet Chess Club"]
[Date "2012.09.08"]
[Round "4"]
[White "Legal"]
[Black "samarth22"]
[Result "1/2-1/2"]
[WhiteElo "1993"]
[BlackElo "2003"]
[Opening "French: exchange variation"]
[ECO "C01"]
[Time "13:16:00"]
[TimeControl "2700+45"]

1. e4 e6 2. d4 d5 3. exd5 exd5 4. Nf3 Bg4 5. h3 Bh5 6. Be2 Bd6 7. O-O Nf6 8. Bg5
O-O 9. Nbd2 Nbd7 10. Re1 h6 11. Bxf6 Qxf6 12. Bd3 Qf4 13. c3 Rfe8 14. Qc2 c5 15.
g4 Bxg4 16. hxg4 Qxg4+ 17. Kh1 Qh3+ 18. Kg1 Qg4+ 19. Kh1 Qh3+ 20. Kg1 {Game
drawn by mutual agreement} 1/2-1/2

[Event "Team 45 45 League T54"]
[Site "Internet Chess Club"]
[Date "2012.09.06"]
[Round "4"]
[White "Andrew6"]
[Black "maestrogaffney"]
[Result "0-1"]
[WhiteElo "1581"]
[BlackElo "1721"]
[Opening "Sicilian: Najdorf, Opocensky variation"]
[ECO "B92"]
[Time "21:00:37"]
[TimeControl "2700+45"]

1. e4 c5 2. Nf3 d6 3. d4 cxd4 4. Nxd4 Nf6 5. Nc3 a6 6. Be2 e5 7. Nb3 Be7 8. O-O
O-O 9. Kh1 Nc6 10. f4 a5 11. a4 Nb4 12. Be3 Be6 13. Nd2 exf4 14. Rxf4 d5 15.
exd5 Nfxd5 16. Nxd5 Nxd5 17. Rf3 Bg4 18. Rg3 Bd6 19. Bg5 Qxg5 20. Rxg4 Qh6 21.
Nf1 Ne3 22. Rxg7+ Kxg7 23. Qd4+ Kg8 24. Qxe3 Qxe3 25. Nxe3 Rae8 26. Nf5 Rxe2 27.
Nxd6 b6 28. Kg1 Rxc2 29. Ra3 Rd8 30. Rg3+ Kf8 31. Rd3 Rc6 32. Nxf7 Rxd3 33. Ne5
Rc1+ {White resigns} 0-1

[Event "Team 45 45 League T54"]
[Site "Internet Chess Club"]
[Date "2012.09.11"]
[Round "4"]
[White "ticopatzer"]
[Black "KnightDwarf"]
[Result "1-0"]
[WhiteElo "1723"]
[BlackElo "1533"]
[Opening "Benkö gambit accepted"]
[ECO "A58"]
[Time "19:17:21"]
[TimeControl "2700+45"]

1. d4 Nf6 2. c4 c5 3. d5 b5 4. cxb5 a6 5. bxa6 Bxa6 6. Nc3 g6 7. g3 Bg7 8. Bg2
d6 9. Nh3 O-O 10. O-O Nbd7 11. Re1 Qa5 12. Bd2 Qb6 13. Qc2 Rfb8 14. b3 c4 15.
Rab1 cxb3 16. Rxb3 Qc5 17. Reb1 Rc8 18. Qc1 Bc4 19. Rb7 Bxa2 20. Nxa2 Rxa2 21.
Qxc5 Rxc5 22. Bg5 Rxe2 23. Nf4 Ra2 24. Bxf6 Nxf6 25. Rxe7 Rcc2 26. Rb8+ Bf8 27.
Bh3 Rab2 28. Rd8 Rxf2 29. Ne6 Rxh2 30. Rxf8# {Black checkmated} 1-0

[Event "Team 45 45 League T54"]
[Site "Internet Chess Club"]
[Date "2012.09.16"]
[Round "4"]
[White "parpin"]
[Black "SlimeDog2"]
[Result "0-1"]
[WhiteElo "1986"]
[BlackElo "2149"]
[Opening "Giuoco Piano"]
[ECO "C54"]
[Time "14:18:36"]
[TimeControl "2700+45"]

1. e4 e5 2. Nf3 Nc6 3. Bc4 Bc5 4. c3 Nf6 5. d3 d6 6. b4 Bb6 7. O-O O-O 8. a4 a6
9. Nbd2 Ne7 10. a5 Ba7 11. Qc2 Ng6 12. Re1 c6 13. Bb3 Re8 14. Nc4 Bg4 15. Ncd2
Nf4 16. h3 Bxh3 17. gxh3 Nxh3+ 18. Kf1 Qd7 19. Nc4 Qg4 20. Qe2 Nh5 21. Ne3 Qg6
22. Qd2 N5f4 23. Qc2 d5 24. exd5 cxd5 25. d4 e4 26. Bxd5 exf3 27. Qxg6 hxg6 28.
Bxb7 Nd3 29. Bxa8 Rxa8 30. Nc2 Ndxf2 31. Re3 Ng4 32. Rxf3 Nh2+ 33. Kg2 Nxf3 34.
Kxf3 Rc8 35. Bd2 g5 36. b5 axb5 37. Rb1 f5 38. Rxb5 g4+ 39. Kg2 f4 40. Rb7 Bb8
41. a6 f3+ 42. Kf1 g3 43. Ne1 f2 44. Ng2 Ng1 45. Nh4 Rf8 46. a7 Bd6 47. Nf5 Nf3
48. Rxg7+ Kh8 49. Rxg3 Bxg3 50. Nxg3 Nxd2+ 51. Ke2 Ne4 52. Nf1 Nxc3+ 53. Kd3 Nb5
{White resigns} 0-1

[Event "Team 45 45 League T54"]
[Site "Internet Chess Club"]
[Date "2012.09.06"]
[Round "4"]
[White "cesaralexander"]
[Black "justice02"]
[Result "1-0"]
[WhiteElo "1914"]
[BlackElo "1708"]
[Opening "Benoni defense, Hromodka system"]
[ECO "A56"]
[Time "22:05:18"]
[TimeControl "2700+45"]

1. d4 Nf6 2. c4 c5 3. d5 d6 4. Nc3 g6 5. e4 Nbd7 6. Nf3 Bg7 7. Bd3 Ng4 8. O-O
Nge5 9. Nxe5 Nxe5 10. Be2 f5 11. h3 O-O 12. f4 Nf7 13. Qb3 Qb6 14. Qc2 fxe4 15.
Nxe4 Bd7 16. Rb1 Qa5 17. b3 Nh6 18. g4 a6 19. Ng5 Qc3 20. Qe4 Qg3+ 21. Qg2 Qxg2+
22. Kxg2 Nf7 23. Ne6 Rfc8 24. f5 gxf5 25. Rxf5 Nd8 26. Nxg7 Kxg7 27. Bb2+ Kg6
28. Rh5 e5 29. dxe6 Bc6+ 30. Kg3 Be4 31. Rf1 {Black resigns} 1-0

[Event "Team 45 45 League T54"]
[Site "Internet Chess Club"]
[Date "2012.09.09"]
[Round "4"]
[White "LazyPeon"]
[Black "Warpdrive"]
[Result "1-0"]
[WhiteElo "1725"]
[BlackElo "1621"]
[Opening "King's Indian: fianchetto, classical variation, 8.e4"]
[ECO "E68"]
[Time "16:00:22"]
[TimeControl "2700+45"]

1. d4 Nf6 2. c4 g6 3. g3 Bg7 4. Bg2 O-O 5. Nc3 d6 6. Nf3 Nbd7 7. O-O e5 8. e4 c6
9. d5 c5 10. h3 a6 11. Be3 b5 12. cxb5 axb5 13. Nxb5 Nxe4 14. Nxe5 Nxe5 15. Bxe4
Bxh3 16. Bg2 Bxg2 17. Kxg2 Nc4 18. Bf4 Bxb2 19. Rb1 Be5 20. Bh6 Rxa2 21. Qb3 Qa8
22. Qxc4 Ra4 23. Qd3 Rb8 24. Rfe1 Qa5 25. Rxe5 dxe5 26. Qf3 Qd8 27. d6 Rb4 28.
Rxb4 cxb4 29. Qd5 b3 30. Qxe5 b2 31. Qg7# {Black checkmated} 1-0

[Event "Team 45 45 League T54"]
[Site "Internet Chess Club"]
[Date "2012.09.07"]
[Round "4"]
[White "tryanything"]
[Black "oldsj"]
[Result "1-0"]
[WhiteElo "1600"]
[BlackElo "1656"]
[Opening "Sicilian: Grand Prix attack"]
[ECO "B23"]
[Time "19:00:45"]
[TimeControl "2700+45"]

1. e4 c5 2. Nc3 Nc6 3. f4 d6 4. Nf3 e6 5. d3 Nf6 6. Be2 Be7 7. O-O O-O 8. Be3 a6
9. Rb1 b5 10. a3 Bb7 11. b4 Ng4 12. Bf2 Nxf2 13. Rxf2 cxb4 14. axb4 Rc8 15. Na2
Qb6 16. c3 Bf6 17. d4 Rfd8 18. Qb3 Nb8 19. e5 dxe5 20. fxe5 Bd5 21. Qb2 Be7 22.
Rff1 Nd7 23. Nc1 Bxf3 24. Bxf3 Nxe5 25. Kh1 Nc4 26. Qf2 Nd6 27. Ne2 Bf6 28. Rbc1
Nc4 29. h4 Nb2 30. Be4 Qd6 31. g4 Nc4 32. Nf4 h6 33. Nh5 Qe7 34. Nxf6+ Qxf6 35.
Qxf6 gxf6 36. Rxf6 Nd6 37. Bg2 Kg7 38. Rf2 Rc7 39. Ra2 Ra7 40. Kh2 Nc4 41. Bf1
Ne3 42. Bxb5 Nxg4+ 43. Kg3 h5 44. Rxa6 Rxa6 45. Bxa6 Ne3 46. Be2 Kg6 47. b5 Nd5
48. Bf3 Nb6 49. c4 Rxd4 50. c5 Nd5 51. Bxd5 Rxd5 52. b6 Rd3+ 53. Kf2 Rb3 54. c6
Rb2+ 55. Ke3 Rb3+ 56. Kd2 Rxb6 57. c7 Rd6+ 58. Ke3 e5 59. c8=Q f5 60. Qg8+ Kf6
61. Qg5+ Ke6 62. Qg6+ Kd7 63. Qf7+ Kd8 64. Qxf5 {Black resigns} 1-0

[Event "Team 45 45 League T54"]
[Site "Internet Chess Club"]
[Date "2012.09.06"]
[Round "4"]
[White "chiiwen"]
[Black "Chatica"]
[Result "1/2-1/2"]
[WhiteElo "2187"]
[BlackElo "2217"]
[Opening "Sicilian: Labourdonnais-Löwenthal (Kalashnikov) variation"]
[ECO "B32"]
[Time "22:13:13"]
[TimeControl "2700+45"]

1. e4 c5 2. Nf3 Nc6 3. d4 cxd4 4. Nxd4 e5 5. Nb5 d6 6. c4 Be7 7. N1c3 a6 8. Na3
f5 9. exf5 Bxf5 10. Nc2 Nf6 11. Ne3 Be6 12. g3 Nd4 13. Bg2 b5 14. cxb5 axb5 15.
O-O Rc8 16. Ned5 O-O 17. Be3 Nxd5 18. Nxd5 Nf5 19. Qd3 Nxe3 20. Nxe3 Bg5 21.
Qxb5 Bxe3 22. fxe3 Rxf1+ 23. Bxf1 Rc2 24. a4 Kh8 25. Re1 Qf8 26. Be2 Bc4 27.
Qxc4 Rxc4 28. Bxc4 Qa8 29. b3 d5 30. Bb5 Qf8 31. Rd1 Qf3 32. Re1 Qe4 33. Kf2
Qf5+ 34. Kg1 Qc2 35. Re2 Qxb3 36. Kf2 Qb4 37. Rc2 g6 38. Rc8+ Kg7 39. Rd8 Qd2+
40. Be2 h5 41. Re8 Kf6 42. Ra8 d4 43. exd4 exd4 44. Rf8+ Ke5 45. Rf3 g5 46. h3
Qa2 47. g4 hxg4 48. hxg4 Qxa4 49. Bd3 Qd1 50. Bf5 Qh1 51. Ke2 Kd5 52. Kf2 Kc4
53. Bd3+ Kb4 54. Bf5 Qh2+ 55. Kf1 Qb2 56. Bd3 {Game drawn by mutual agreement}
1/2-1/2

[Event "Team 45 45 League T54"]
[Site "Internet Chess Club"]
[Date "2012.09.09"]
[Round "4"]
[White "veganito"]
[Black "Sir-Sinister"]
[Result "1/2-1/2"]
[WhiteElo "1976"]
[BlackElo "2026"]
[Opening "Queen's pawn: Lundin (Kevitz-Mikenas) defense"]
[ECO "A40"]
[Time "10:30:26"]
[TimeControl "2700+45"]

1. d4 Nc6 2. c4 e5 3. dxe5 Nxe5 4. e4 Bc5 5. Bf4 Ng6 6. Bg3 d6 7. Nc3 Nf6 8. Bd3
Qe7 9. Nf3 a6 10. O-O O-O 11. h3 c6 12. Nd2 Ne5 13. Bc2 Be6 14. Qe2 Rfd8 15. Kh1
Ng6 16. f4 Bd7 17. Nb3 Bb6 18. Rad1 Bc7 19. Nd4 Ba5 20. e5 Bxc3 21. exf6 Qxe2
22. Nxe2 Bxf6 23. Rxd6 Be7 24. Rdd1 Bf6 25. b3 Ne7 26. Bf2 Bf5 27. Bxf5 Nxf5
{Game drawn by mutual agreement} 1/2-1/2

[Event "Team 45 45 League T54"]
[Site "Internet Chess Club"]
[Date "2012.09.08"]
[Round "4"]
[White "goktrenks"]
[Black "alexping"]
[Result "0-1"]
[WhiteElo "1797"]
[BlackElo "1893"]
[Opening "French: Two knights variation"]
[ECO "C00"]
[Time "11:30:30"]
[TimeControl "2700+45"]

1. e4 e6 2. Nf3 d5 3. Nc3 Nf6 4. e5 Nfd7 5. d4 c5 6. dxc5 Bxc5 7. Bd3 Nc6 8. Bf4
a6 9. O-O f6 10. exf6 Nxf6 11. Qe2 O-O 12. a3 Nd4 13. Nxd4 Bxd4 14. Be5 Bxe5 15.
Qxe5 Qb6 16. Ne2 h6 17. Qd4 Qxd4 18. Nxd4 e5 19. Nb3 g5 20. Rad1 b6 21. f3 a5
22. Rfe1 Re8 23. Nc1 Bd7 24. Bg6 Re7 25. Nd3 e4 26. fxe4 dxe4 27. Nf2 e3 28. Nh3
Kg7 29. Bd3 Bg4 30. Be2 Bf5 31. Bd3 Bg4 32. Be2 Bxe2 33. Rxe2 Re4 34. Rd3 g4 35.
Rdxe3 Rxe3 36. Rxe3 gxh3 37. Rxh3 Rd8 38. Rb3 Rd6 39. g3 Nd7 40. c3 Rc6 41. Rb5
Rc5 42. Rxc5 Nxc5 43. b4 axb4 44. axb4 Nd3 45. Kf1 b5 46. Ke2 Nb2 47. Ke3 Kf6
48. Kd4 Nc4 49. Kc5 Na3 {White resigns} 0-1

[Event "Team 45 45 League T54"]
[Site "Internet Chess Club"]
[Date "2012.09.09"]
[Round "4"]
[White "bobhill"]
[Black "kerabanaga"]
[Result "1-0"]
[WhiteElo "1922"]
[BlackElo "1802"]
[Opening "Queen's bishop game"]
[ECO "D02"]
[Time "15:00:26"]
[TimeControl "2700+45"]

1. d4 d5 2. Nf3 Nf6 3. Bf4 c6 4. e3 Bg4 5. h3 Bh5 6. Nbd2 e6 7. c3 Be7 8. Qb3
Qb6 9. Bd3 Qxb3 10. axb3 Bxf3 11. Nxf3 Nbd7 12. b4 O-O 13. O-O Rfc8 14. Nd2 Ne8
15. e4 dxe4 16. Nxe4 f5 17. Ng5 Bxg5 18. Bxg5 Nef6 19. Rfe1 Re8 20. Re2 Nd5 21.
Rae1 h6 22. Bxf5 exf5 23. Rxe8+ Rxe8 24. Rxe8+ Kf7 25. Rd8 hxg5 26. Rxd7+ Kf6
27. Rxb7 {Black resigns} 1-0

[Event "Team 45 45 League T54"]
[Site "Internet Chess Club"]
[Date "2012.09.08"]
[Round "4"]
[White "Cryptochess"]
[Black "Rodin7"]
[Result "1/2-1/2"]
[WhiteElo "2083"]
[BlackElo "2034"]
[Opening "Sicilian: Smith-Morra gambit"]
[ECO "B21"]
[Time "16:00:17"]
[TimeControl "2700+45"]

1. e4 c5 2. d4 cxd4 3. c3 dxc3 4. Nxc3 Nc6 5. Nf3 d6 6. Bc4 e6 7. O-O Be7 8. Qe2
Nf6 9. Rd1 e5 10. h3 O-O 11. Bg5 Be6 12. Rac1 Nh5 13. Be3 a6 14. Bxe6 fxe6 15.
Nxe5 Nxe5 16. Qxh5 Nc4 17. Bd4 Nxb2 18. Qg4 Rf7 19. Rd2 Nc4 20. Rdc2 Na3 21. Rb2
Bf6 22. e5 Bxe5 23. Bxe5 dxe5 24. Qxe6 Qd7 25. Qb3 Nb5 26. Nxb5 axb5 27. Rd1 Qe7
28. Qxb5 Raf8 29. Re1 Rf5 30. Qd5+ Qf7 31. Qxb7 Rxf2 32. Qxf7+ R2xf7 33. Rxe5
Ra8 34. Reb5 Rfa7 35. Rb8+ Rxb8 36. Rxb8+ Kf7 37. Rb2 Ra3 38. Kf2 h6 39. Ke2 Kf6
40. Kd2 g6 41. Kc1 h5 42. Rf2+ Ke5 43. Kb2 Ra8 44. a3 Kd4 45. Rf6 g5 46. Rf5
Rb8+ 47. Ka2 Rg8 48. a4 Ke4 49. Rb5 h4 50. a5 Ke3 51. Ka3 g4 52. hxg4 Rxg4 53.
a6 Rg6 54. Ra5 Kf2 55. a7 Rg8 56. Rf5+ Kg1 57. Rf7 Ra8 58. Rg7 Rxa7+ 59. Rxa7
Kxg2 60. Rg7+ Kh2 61. Kb3 h3 62. Kc3 Kh1 63. Kd3 h2 64. Rh7 Kg2 65. Ke2 h1=Q 66.
Rg7+ Kh2 {Game drawn by mutual agreement} 1/2-1/2

[Event "Team 45 45 League T54"]
[Site "Internet Chess Club"]
[Date "2012.09.06"]
[Round "4"]
[White "DaPaz"]
[Black "Goli"]
[Result "1-0"]
[WhiteElo "1923"]
[BlackElo "1899"]
[Opening "King's Indian: London system"]
[ECO "A48"]
[Time "16:31:41"]
[TimeControl "2700+45"]

1. d4 Nf6 2. Nf3 g6 3. Bf4 Bg7 4. e3 O-O 5. c4 d6 6. Nc3 Bg4 7. h3 Bxf3 8. Qxf3
Nc6 9. Be2 e5 10. dxe5 dxe5 11. Bg5 h6 12. Rd1 Qxd1+ 13. Bxd1 hxg5 14. O-O Nd8
15. Nd5 Nxd5 16. cxd5 f5 17. e4 c6 18. Bb3 Kh7 19. d6 Nf7 20. d7 Nd6 21. exf5
gxf5 22. Qh5+ Bh6 23. Rd1 Rf6 24. h4 g4 25. Rxd6 Rxd6 26. Qxf5+ Kg7 27. Qxe5+
Rf6 28. Qe7+ {Black resigns} 1-0

[Event "Team 45 45 League T54"]
[Site "Internet Chess Club"]
[Date "2012.09.09"]
[Round "4"]
[White "Kueh"]
[Black "MaryAngels"]
[Result "0-1"]
[WhiteElo "1980"]
[BlackElo "2049"]
[Opening "Ruy Lopez: Exchange variation doubly deferred (DERLD)"]
[ECO "C85"]
[Time "17:24:36"]
[TimeControl "2700+45"]

1. e4 e5 2. Nf3 Nc6 3. Bb5 a6 4. Ba4 Nf6 5. O-O Be7 6. Bxc6 dxc6 7. Qe1 Bd6 8.
d4 Nd7 9. Bd2 O-O 10. Bc3 exd4 11. Nxd4 Re8 12. Nf5 Nc5 13. Nxd6 cxd6 14. f3 d5
15. Qg3 d4 16. Rd1 Ne6 17. a4 Qb6 18. Qf2 c5 19. a5 Qc7 20. Be1 Bd7 21. b3 Bb5
22. Na3 Red8 23. Qd2 Rac8 24. Bg3 Qe7 25. Nc4 Bxc4 26. bxc4 Rd7 27. Rab1 Nd8 28.
Rb6 Nc6 29. Rdb1 Rf8 30. R1b3 f6 31. Kf1 Qf7 32. Kg1 Re8 33. h3 Ree7 34. Rxc6
bxc6 35. Rb8+ Re8 36. Qf4 Red8 37. Qf5 Rxb8 38. Bxb8 Qe7 39. e5 g6 40. Qe4 Rd8
41. Bd6 Rxd6 42. exd6 Qxe4 43. fxe4 Kf7 44. Kf2 Ke6 45. Kf3 Kxd6 46. Kf4 h5 47.
h4 Ke6 48. Kg3 Ke5 49. Kf3 g5 50. g3 g4+ {White resigns} 0-1

[Event "Team 45 45 League T54"]
[Site "Internet Chess Club"]
[Date "2012.09.10"]
[Round "4"]
[White "grabuark"]
[Black "RedAttack"]
[Result "1-0"]
[WhiteElo "2206"]
[BlackElo "1878"]
[Opening "Caro-Kann: advance variation"]
[ECO "B12"]
[Time "19:01:19"]
[TimeControl "2700+45"]

1. e4 c6 2. d4 d5 3. e5 e6 4. Nf3 c5 5. dxc5 Bxc5 6. Bd3 Nc6 7. O-O h6 8. Nc3
Nge7 9. Na4 Bd4 10. Re1 Bb6 11. Nxb6 Qxb6 12. c3 Bd7 13. b4 a6 14. Be3 Qc7 15.
Bc5 g5 16. Bd6 Qd8 17. h3 Nc8 18. Bc5 b6 19. Be3 Qc7 20. a4 N8e7 21. Qe2 Nxe5
22. Nxe5 Qxe5 23. Qb2 Qg7 24. Bxb6 Rg8 25. Bd4 f6 26. c4 Kf7 27. Bc5 g4 28. h4
Rae8 29. Bxe7 Rxe7 30. cxd5 g3 31. dxe6+ Bxe6 32. h5 gxf2+ 33. Qxf2 Qg4 34. Bg6+
Kg7 35. Re4 Qg5 36. Rxe6 {Black resigns} 1-0

[Event "Team 45 45 League T54"]
[Site "Internet Chess Club"]
[Date "2012.09.08"]
[Round "4"]
[White "PoisonPawn"]
[Black "Ptzz"]
[Result "0-1"]
[WhiteElo "2031"]
[BlackElo "2135"]
[Opening "Caro-Kann: Tartakower (fantasy) variation"]
[ECO "B12"]
[Time "14:10:20"]
[TimeControl "2700+45"]

1. e4 c6 2. d4 d5 3. f3 dxe4 4. fxe4 e5 5. Nf3 Bg4 6. Bc4 Nd7 7. c3 b5 8. Bd3
Ngf6 9. O-O Bd6 10. Bg5 O-O 11. Nbd2 Qc7 12. Qe1 Bh5 13. Qh4 Bg6 14. Rae1 Rae8
15. Kh1 h6 16. Bxh6 gxh6 17. Qxh6 Nh7 18. Nh4 Re6 19. Rf3 Be7 20. Rg3 Bxh4 21.
Qxh4 Kg7 22. Nf3 Qd8 23. Qh3 Rh8 24. Nh4 Ng5 25. Qg4 Rh5 26. Nf5+ Kh7 27. Qd1
Nf6 28. Rxg5 Rxg5 29. h4 Rg4 30. Qd2 Bxf5 31. exf5 Rxh4+ 32. Kg1 Rd6 33. Qf2 Rh6
34. Bxb5 cxb5 35. dxe5 Rd2 36. Qxa7 Qg8 37. Qb7 Nd5 {White resigns} 0-1

[Event "Team 45 45 League T54"]
[Site "Internet Chess Club"]
[Date "2012.09.09"]
[Round "4"]
[White "Y-ElGhazali"]
[Black "gareth"]
[Result "0-1"]
[WhiteElo "2176"]
[BlackElo "2274"]
[Opening "English opening"]
[ECO "A96"]
[Time "10:42:45"]
[TimeControl "2700+45"]

1. c4 e6 2. Nf3 f5 3. Nc3 Nf6 4. g3 Be7 5. Bg2 O-O 6. d4 d6 7. O-O a5 8. Qc2 Nc6
9. d5 Nb4 10. Qb3 e5 11. c5 Na6 12. cxd6 Bxd6 13. Bg5 Qe8 14. Bxf6 Rxf6 15. Nb5
Bd7 16. Nxd6 Rxd6 17. Rac1 e4 18. Nd2 Ba4 19. Qc4 Bb5 20. Qd4 Qd7 21. Qe3 Rxd5
22. Nb1 Rd6 23. Na3 Rd8 24. g4 Kh8 25. gxf5 Qxf5 26. Qxe4 Qxe4 27. Bxe4 Bxe2 28.
Rfe1 Rd2 29. Bxb7 Rxb2 30. Bxa6 Bxa6 31. Rxc7 Rf8 32. Rc2 Rb4 33. Re7 Rg4+ 34.
Kh1 h5 35. h3 Rg5 36. Re3 Bb7+ 37. f3 Bxf3+ 38. Kh2 Bb7 39. Rce2 Rf1 40. Re4
Bxe4 41. Rxe4 Rf2+ 42. Kh1 Rg3 43. Nc4 Rxa2 44. Ne5 Rxh3+ 45. Kg1 Rc3 46. Re1
Rac2 {White resigns} 0-1

[Event "Team 45 45 League T54"]
[Site "Internet Chess Club"]
[Date "2012.09.08"]
[Round "4"]
[White "robertoalvarez"]
[Black "AmrSobh"]
[Result "1-0"]
[WhiteElo "2259"]
[BlackElo "2182"]
[Opening "French: Rubinstein variation"]
[ECO "C10"]
[Time "13:05:39"]
[TimeControl "2700+45"]

1. e4 e6 2. d4 d5 3. Nc3 dxe4 4. Nxe4 Nd7 5. Bd3 Ngf6 6. Nf3 Be7 7. Nxf6+ Nxf6
8. Qe2 c5 9. dxc5 Qa5+ 10. Bd2 Qxc5 11. O-O-O Bd7 12. Ne5 Ba4 13. Kb1 O-O 14. g4
Rac8 15. Rc1 Bc6 16. g5 Nd5 17. h4 f5 18. Ng6 Bd7 19. Nxf8 Bxf8 20. h5 a5 21. h6
g6 22. Rhd1 a4 23. c4 Nc7 24. Bc3 Bd6 25. Bc2 Ne8 26. Rd4 a3 27. b4 Qb6 28. Bb3
Ba4 29. Qxe6+ Kf8 30. Bxa4 {Black resigns} 1-0

[Event "Team 45 45 League T54"]
[Site "Internet Chess Club"]
[Date "2012.09.08"]
[Round "4"]
[White "M-Abotreka"]
[Black "zozobob"]
[Result "0-1"]
[WhiteElo "2066"]
[BlackElo "2120"]
[Opening "Nimzo-Indian: Kmoch variation"]
[ECO "E20"]
[Time "10:12:18"]
[TimeControl "2700+45"]

1. d4 Nf6 2. c4 e6 3. Nc3 Bb4 4. f3 d5 5. a3 Bxc3+ 6. bxc3 b6 7. cxd5 exd5 8. e3
O-O 9. Bd3 c5 10. Ne2 Ba6 11. O-O Bxd3 12. Qxd3 Nc6 13. Ng3 Re8 14. Bb2 Rc8 15.
Rad1 cxd4 16. cxd4 Na5 17. e4 Nc4 18. Bc1 Qe7 19. e5 Nd7 20. f4 f6 21. Rde1 Qf7
22. Nf5 Kh8 23. Qh3 Nf8 24. Rf3 Ng6 25. Ref1 b5 26. Rg3 Rc6 27. Ne3 Nxe3 28.
Bxe3 f5 29. Rg5 Ne7 30. g4 g6 31. Bf2 Rec8 32. gxf5 Nxf5 33. Re1 Rc3 34. Qg2
R8c6 35. Kh1 Rxa3 36. Rxf5 gxf5 37. Bh4 Raa6 38. Qg5 Rg6 39. Qd8+ Kg7 40. Bf6+
Kh6 41. Bg5+ Kg7 42. Bf6+ Kh6 43. Bg5+ Kh5 44. Re3 Rg8 45. e6 Rxd8 46. exf7 Ra1+
47. Kg2 Rf8 48. Re6 Ra2+ 49. Kh3 Ra3+ 50. Kg2 Kg4 51. h3+ Rxh3 52. Re7 b4 53.
Rxa7 b3 54. Rb7 Rd3 55. Kf2 Rd2+ 56. Ke3 Rg2 57. Bh6 Rc8 58. Kd3 Rg3+ 59. Ke2
Rc2+ 60. Kf1 Rh3 61. Kg1 Rd3 {White resigns} 0-1

[Event "Team 45 45 League T54"]
[Site "Internet Chess Club"]
[Date "2012.09.07"]
[Round "4"]
[White "MarioFrank"]
[Black "egyptiantiger"]
[Result "1-0"]
[WhiteElo "1971"]
[BlackElo "2101"]
[Opening "King's Indian: Andersson variation"]
[ECO "E92"]
[Time "17:35:51"]
[TimeControl "2700+45"]

1. d4 Nf6 2. Nf3 g6 3. c4 Bg7 4. Nc3 O-O 5. e4 d6 6. Be2 e5 7. dxe5 dxe5 8. Qxd8
Rxd8 9. Bg5 Re8 10. Nd5 Nxd5 11. cxd5 c6 12. Bc4 cxd5 13. Bxd5 Nd7 14. Nd2 Nc5
15. O-O-O Be6 16. Bxe6 Nxe6 17. Be3 Nd4 18. Kb1 b5 19. Nb3 a5 20. f3 Red8 21.
Rd2 Nxb3 22. axb3 Rxd2 23. Bxd2 a4 24. bxa4 bxa4 25. Ka2 Bf8 26. Rc1 Rd8 27. Bg5
Ra8 28. Rc4 Kg7 29. Bd2 Be7 30. Bb4 Bg5 31. Ka3 h5 32. Bd6 Bf6 33. Rxa4 Rd8 34.
Bb4 Rd3+ 35. Bc3 Re3 36. Kb3 g5 37. Kc4 Re2 38. b4 g4 39. b5 Rxg2 40. fxg4 Rxg4
41. b6 Rxe4+ 42. Kb5 Rxa4 43. Kxa4 Be7 44. Bxe5+ f6 45. Bc7 Bc5 46. b7 Ba7 47.
Ka5 {Black resigns} 1-0